 Dungeon Crawl Stone Soup version 0.22-a0-307-g2b15929 (webtiles) character file.

206 grizmgrazm2 the Skirmisher (level 5, -3/42 HPs)
             Began as a Mummy Fighter on Apr 1, 2018.
             Killed from afar by an orc wizard (15 damage)
             ... with a puff of flame
             ... on level 4 of the Dungeon.
             The game lasted 00:05:46 (3223 turns).

grizmgrazm2 the Skirmisher (Mummy Fighter)          Turns: 3223, Time: 00:05:47

Health: -3/42      AC:  6    Str: 21    XL:     5   Next: 53%
Magic:  5/5        EV:  7    Int: 10    God:
Gold:   103        SH: 11    Dex: 11    Spells: 4/4 levels left

rFire    x . .     SeeInvis .   a - +6 flail
rCold    + . .     Gourm    .   c - +2 shield
rNeg     + + +     Faith    .   b - +0 scale mail
rPois    ∞         Spirit   .   (no helmet)
rElec    .         Reflect  .   (no cloak)
rCorr    .         Harm     .   (no gloves)
MR       .....                  (no boots)
Stlth    ..........             (no amulet)
HPRegen  0.14/turn              f - +3 ring of intelligence
MPRegen  0.09/turn              (no ring)

@: no status effects
A: no food or potions, fire vulnerability, cold resistance 1, negative energy
resistance 3, torment resistance, unbreathing
a: no special abilities


You were on level 4 of the Dungeon.
You were not hungry.

You visited 1 branch of the dungeon, and saw 4 of its levels.

You collected 103 gold pieces.

Inventory:

Hand Weapons
 a - a +6 flail (weapon)
Armour
 b - a +0 scale mail (worn)
 c - a +2 shield (worn)
Jewellery
 d - an uncursed ring of protection from fire {unknown}
 f - a +3 ring of intelligence (left hand)
Scrolls
 e - a scroll of magic mapping {unknown}
 g - a scroll of blinking
 h - a scroll of identify
 j - 2 scrolls of teleportation


   Skills:
 + Level 3.7 Fighting
 + Level 3.2 Maces & Flails
 + Level 3.0 Armour
 + Level 0.1 Dodging
 + Level 0.3 Stealth
 + Level 3.3 Shields


You had 4 spell levels left.
You didn't know any spells.

Dungeon Overview and Level Annotations

Branches:
Dungeon (4/15)
 Temple: D:4-7

Altars:


Innate Abilities, Weirdness & Mutations

You do not eat or drink.
Your flesh is vulnerable to fire.
You are immune to poison.
Your flesh is cold resistant. (rC+)
You are immune to negative energy. (rN+++)
You are immune to unholy pain and torment.
You can survive without breathing.


Message History

You block the orc's attack.
The orc wizard mumbles some strange words.
The orc wizard seems to speed up.
You closely miss the orc wizard.
The orc wizard is moderately wounded.
The orc wizard hits you but does no damage.
You block the orc's attack. The orc wizard closely misses you.
You block the orc's attack.
You hit the orc wizard.
The orc wizard is severely wounded.
The orc wizard hits you with a dagger of venom.
The orc wizard hits you but does no damage.
The orc hits you.
The orc wizard points at you and mumbles some strange words.
The puff of flame hits you! The fire burns you terribly! The orc hits you.
* * * LOW HITPOINT WARNING * * *
The orc wizard casts a spell at you. The puff of flame hits you!
The fire burns you terribly!
You die...

#.#### ##.# #.#
#..# #.# #.## #.#
#.# #.# ##.##
#####...#####.#
..............#
.####...########.
##.#@.oos....
#.#o########
#.#.# ....# #.###
.. ###


You could see an orc wizard, 2 orcs and a giant cockroach.

Vanquished Creatures
  A jelly (D:3)
  An orc priest (D:3)
  3 adders
  3 gnolls
  An ooze (D:3)
  2 worms (D:3)
  2 dart slugs
  5 leopard geckos
  5 orcs (D:3)
  6 giant cockroaches
  7 goblins
  8 hobgoblins
  3 quokkas
  A ball python (D:3)
  4 bats
  2 frilled lizards (D:3)
  10 kobolds
  7 rats
71 creatures vanquished.

Notes
Turn   | Place    | Note
-------+----------+-------------------------------------------
     0 | D:1      | grizmgrazm2 the Mummy Fighter began the quest for the Orb.
     0 | D:1      | Reached XP level 1. HP: 18/18 MP: 1/1
   434 | D:1      | Reached XP level 2. HP: 24/24 MP: 2/2
   962 | D:2      | HP: 1/24 [gnoll/halberd (13)]
  1356 | D:3      | Reached XP level 3. HP: 26/29 MP: 3/3
  1798 | D:2      | Reached XP level 4. HP: 35/35 MP: 4/4
  2661 | D:3      | Reached XP level 5. HP: 25/41 MP: 5/5
  3223 | D:4      | Killed from afar by an orc wizard

Vault maps used:
D:1:      sevenhm_arrival_forest_fort_large_4
D:2:      cheibrodos_old_hovel, columned_hall_lemuel
D:3:      minmay_diamond_boxcup, first_ration, st_stairs_2
D:4:      kennysheep_the_goblin_king, uniq_blork_the_orc

Skill      XL: |  1  2  3  4  5 |
---------------+----------------+-----
Maces & Flails | 2 3 |  3.2
Shields        | 3 |  3.3
Armour         | 3 |  3.0
Fighting       | |  3.7
Dodging        | |  0.1
Stealth        | |  0.3

Action                   |  1- 3 |  4- 6 || total
-------------------------+-------+-------++-------
Melee: Flail             |    91 |    93 ||   184
  Use: Scroll            |     4 |     8 ||    12
Armor: Scale mail        |    37 |    49 ||    86
Dodge: Dodged            |    32 |    30 ||    62
Block: Shield            |    63 |    84 ||   147

Table legend:
 A = Spawn XP
 B = Non-spawn XP
 C = Spawn XP percentage of total XP
 D = Spawn monster count
 E = Non-spawn monster count
 F = Spawn count percentage of total count
 G = Total turns spent on level
                    A         B        C        D         E        F      G
               +---------+---------+-------+---------+---------+-------+---------
         Total |       0 |     295 |   0.0 |       0 |      71 |   0.0 |  3223
               +---------+---------+-------+---------+---------+-------+---------
           D:1 |       0 |      17 |   0.0 |       0 |      10 |   0.0 |   752
           D:2 |       0 |      62 |   0.0 |       0 |      20 |   0.0 |   996
           D:3 |       0 |     213 |   0.0 |       0 |      40 |   0.0 |  1434
           D:4 |       0 |       3 |   0.0 |       0 |       1 |   0.0 |    41
               +---------+---------+-------+---------+---------+-------+---------
